 Dungeon Crawl Stone Soup version 0.17.0-28-g6e173f8 (webtiles) character file.

40 M4edhros the Sneak (level 3, -4/26 HPs)
             Began as an Octopode Chaos Knight on Nov 26, 2015.
             Was an Initiate of Fedhas.
             Slain by an iron imp (12 damage)
             ... summoned by Xom
             ... on level 2 of the Dungeon.
             The game lasted 00:01:17 (1536 turns).

M4edhros the Sneak (Octopode Chaos Knight)          Turns: 1536, Time: 00:01:17

Health: -4/26      AC:  1    Str: 16    XL:     3   Next: 50%
Magic:  3/3        EV: 12    Int: 14    God:    Fedhas [......]
Gold:   71         SH:  0    Dex: 12    Spells: 0 memorised, 2 levels left

rFire  . . .     SeeInvis .     a - +0 spear (chaos)
rCold  . . .     Clarity  .     (no shield)
rNeg   . . .     SustAt   .     (helmet restricted)
rPois  .         Gourm    .     (no amulet)
rElec  .         Spirit   .     d - ring of stealth
rCorr  .         Warding  .     (no ring)
rMut   .         Stasis   .     (no ring)
MR     .....                    (no ring)
Stlth  +++++.....               (no ring)
                                (no ring)
                                (no ring)
                                (no ring)

@: mighty, slowed, very slow, not resistant to hostile enchantments, quite
stealthy
A: almost no armour, amphibious, 8 rings, constrict 8, camouflage 1, gelatinous
body 1
a: Renounce Religion


You were on level 2 of the Dungeon.
You worshipped Fedhas.
Fedhas was noncommittal.
You were near starving.

You visited 1 branch of the dungeon, and saw 2 of its levels.

You collected 71 gold pieces.

Inventory:

Hand Weapons
 a - a +0 spear of chaos (weapon)
Jewellery
 d - a ring of stealth (left tentacle)
 p - an uncursed ring of protection from magic {unknown}
Wands
 u - a wand of random effects (22)
Scrolls
 c - 2 scrolls of enchant armour {unknown}
 e - 2 scrolls of teleportation {unknown}
 i - a scroll of blinking {unknown}
 j - 2 scrolls of random uselessness {unknown}
 q - a scroll of fear {unknown}
 s - a scroll of fog {unknown}
Potions
 f - 4 potions of might
 g - a potion of haste {unknown}
 h - 2 potions of flight {unknown}
 l - a potion of lignification {unknown}
 m - a potion of heal wounds {unknown}
 n - 2 potions of agility {unknown}
 o - 2 potions of curing {unknown}
 r - a potion of cancellation {unknown}
 t - 2 potions of brilliance {unknown}
Comestibles
 b - 2 bread rations
 k - 2 meat rations


   Skills:
 - Level 3.0 Fighting
 + Level 3.4 Polearms
 - Level 2.3 Dodging
 * Level 3.7 Stealth


You had 2 spell levels left.
You didn't know any spells.

Dungeon Overview and Level Annotations

Branches:
Dungeon (2/15)

Altars:
Cheibriados
Fedhas
Nemelex Xobeh
Qazlal
Zin


Innate Abilities, Weirdness & Mutations

You cannot wear most types of armour.
You are amphibious.
You can wear up to eight rings at the same time.
You can use your tentacles to constrict eight enemies at once.
Your skin changes colour to match your surroundings (Stealth).
Your rubbery body absorbs attacks (AC +1).


Message History

You barely miss the shadow imp.
The shadow imp is moderately wounded.
You constrict the shadow imp. You constrict the iron imp.
The shadow imp misses you. The iron imp hits you.
The shadow imp gestures at you. Pain shoots through your body!
You hit the shadow imp.
The shadow imp's magic leaks into the air.
The shadow imp is severely wounded.
You constrict the shadow imp.
You kill the shadow imp!
You constrict the iron imp. The iron imp hits you.
The ufetubus barely misses you. The ufetubus closely misses you.
Drink which item? (? for menu, Esc to quit)
It was a potion of might.
You feel very mighty all of a sudden.
You constrict the iron imp. The ufetubus closely misses you.
The ufetubus closely misses you. The iron imp hits you!
You die...
Fedhas appreciates your contribution to the ecosystem.

#.# #.# #.############
............>##
#..########...# #......#
#...# #..###.# #...#
#..# #.# #...##########
##.###.####...55@5......
#............###########
#..###........# #..#
#######..# ...# #..#
##.###### #..# #......#
#..# ##......# #..#
##......####..#


You could see 2 iron imps and an ufetubus.

Vanquished Creatures
  An adder (D:2)
  A worm (D:2)
  A giant gecko (D:1)
  2 bats
  3 goblins (D:2)
  2 hobgoblins (D:1)
  7 jackals
  3 giant newts
  3 kobolds (D:1)
  3 rats
26 creatures vanquished.

Vanquished Creatures (others)
  11 toadstools (D:2)
11 creatures vanquished.

Grand Total: 37 creatures vanquished

Notes
Turn   | Place    | Note
--------------------------------------------------------------
     0 | D:1      | M4edhros the Octopode Chaos Knight began the quest for the Orb.
     0 | D:1      | Reached XP level 1. HP: 16/16 MP: 1/1
    12 | D:1      | Found a sparkling altar of Nemelex Xobeh.
    72 | D:1      | Reached skill level 1 in Stealth
   209 | D:1      | Reached XP level 2. HP: 10/21 MP: 2/2
   504 | D:1      | XOM: butterfly on damage
   550 | D:1      | XOM: divination: detect creatures
   560 | D:2      | Found a faded altar to an unknown god.
   607 | D:2      | XOM: divination: detect creatures
   790 | D:2      | XOM: divination: magic mapping
   841 | D:2      | Found a blossoming altar of Fedhas.
   844 | D:2      | Found a stormy altar of Qazlal.
   938 | D:2      | Fell from the grace of Xom
   938 | D:2      | Became a worshipper of Fedhas Madash
  1041 | D:2      | Found a snail-covered altar of Cheibriados.
  1069 | D:2      | Reached XP level 3. HP: 12/26 MP: 3/3
  1283 | D:2      | XOM: summons 4 hostile shadow creatures
  1470 | D:2      | Found a glowing silver altar of Zin.
  1530 | D:2      | XOM: summons 4 hostile demons
  1536 | D:2      | Slain by an iron imp

Action                   || total
-------------------------++-------
Melee: Spear             ||    80
  Use: Potion            ||     1
 Stab: Sleeping          ||    15
       Petrifying        ||     1
       Petrified         ||     1
